 Dungeon Crawl Stone Soup version 0.27-a0-1101-ge311f74bc8 (webtiles) character file.

Game seed: 15775406376039277623

151 freelancePsychic the Skirmisher (level 5, -2/42 HPs)
             Began as a Demonspawn Fighter on Apr 29, 2021.
             Slain by a gnoll
             ... wielding a +0 spear
              (7 damage)
             ... on level 3 of the Dungeon.
             The game lasted 00:04:53 (2357 turns).

freelancePsychic the Skirmisher (DsFi)              Turns: 2357, Time: 00:04:54

Health: -2/42      AC: 15    Str: 17    XL:     5   Next: 11%
Magic:  5/5        EV:  2    Int: 10    God:
Gold:   94         SH:  9    Dex: 12    Spells: 4/4 levels left

rFire    . . .     SeeInvis .   a - +0 flail
rCold    . . .     Faith    .   c - +0 kite shield
rNeg     + . .     Spirit   .   g - +0 plate armour
rPois    .         Reflect  .   (no helmet)
rElec    .         Harm     .   l - +0 cloak
rCorr    .         Rampage  .   (no gloves)
Will     .....                  (no boots)
Stlth    ..........             (no amulet)
HPRegen  0.14/turn              n - ring of positive energy
MPRegen  0.09/turn              (no ring)

@: no status effects
A: thin metallic scales 2, foul stench 1
a: no special abilities


You were on level 3 of the Dungeon.
You visited 1 branch of the dungeon, and saw 3 of its levels.

You collected 94 gold pieces.

Inventory:

Hand Weapons
 a - a +0 flail (weapon)
Armour
 b - a +0 scale mail
 c - a +0 kite shield (worn)
 g - a +0 plate armour (worn)
 l - a +0 cloak (worn)
Jewellery
 n - a ring of positive energy (left hand)
Scrolls
 e - 2 scrolls of enchant weapon {unknown}
 h - a scroll of brand weapon {unknown}
 j - a scroll of identify {unknown}
 o - a scroll of blinking {unknown}
Potions
 d - 2 potions of might
 f - a potion of curing {unknown}
 i - a potion of degeneration {unknown}
 k - a potion of brilliance {unknown}
 m - 2 potions of heal wounds {unknown}


   Skills:
 + Level 3.7 Fighting
 * Level 3.3 Maces & Flails
 + Level 3.3 Armour
 + Level 3.3 Shields


You had 4 spell levels left.
You didn't know any spells.
Your spell library contained the following spells:

 Spells                   Type           Power      Damage    Failure   Level
 Animate Skeleton         Necr           0%         N/A       100%        1
 Apportation              Tloc           0%         N/A       100%        1
 Corona                   Hex            0%         N/A       100%        1
 Summon Small Mammal      Summ           0%         N/A       100%        1


Dungeon Overview and Level Annotations

Branches:
Dungeon (3/15)

Altars:


Innate Abilities, Weirdness & Mutations

You are mostly covered in thin metallic scales. (AC +3)
You may rarely emit foul miasma when damaged in melee.


Message History

The gnoll is lightly wounded.
You block the gnoll's attack. The gnoll hits you but does no damage.
You hit the gnoll.
The gnoll is moderately wounded.
You block the gnoll's attack.
You hit the gnoll.
The gnoll is severely wounded.
The gnoll completely misses you. The gnoll hits you but does no damage.
You completely miss the gnoll.
The gnoll is severely wounded.
The gnoll hits you but does no damage.
You closely miss the gnoll.
The gnoll is severely wounded.
The gnoll hits you but does no damage. You block the gnoll's attack.
You barely miss the gnoll.
The gnoll is severely wounded.
You block the gnoll's attack.
You hit the gnoll but do no damage.
The gnoll is severely wounded.
The gnoll hits you but does no damage. x2
You closely miss the gnoll.
The gnoll is severely wounded.
The gnoll hits you with a +0 spear.
You closely miss the gnoll.
The gnoll is heavily wounded.
The gnoll hits you with a +0 spear.
* * * LOW HITPOINT WARNING * * *
You block the gnoll's attack.
You hit the gnoll but do no damage.
The gnoll is heavily wounded.
The gnoll hits you with a +0 spear.
* * * LOW HITPOINT WARNING * * *
You closely miss the gnoll.
The gnoll is heavily wounded.
The gnoll hits you with a +0 spear.
* * * LOW HITPOINT WARNING * * *
Your shield and plate armour prevent you from hitting the gnoll.
The gnoll is heavily wounded.
The gnoll hits you but does no damage. The gnoll hits you with a +0 spear!
You die...

...###....... ..
##.........#...####.# #...#.
#.#.......#... #.#..
#..#....#..... ...#
###..........##
##..###..............
##..†........^....<... #
#....g................ #.#
##..))@.#..............
#...##...)..................
#.$........................
#..#...............#).###...
# #.#..........>##..## #..
#.#..............## ##
#.#..........#.###
#.#.##...###...# ......!###
#####


You could see a gnoll.

Vanquished Creatures
  Crazy Yiuf (D:2)
  Natasha (D:1)
  3 gnolls (D:3)
  A white imp (D:2)
  4 dart slugs
  4 endoplasms
  3 goblins
  5 hobgoblins
  6 jackals (D:1)
  3 quokkas
  3 ball pythons
  6 bats
  2 frilled lizards
  6 kobolds
  6 rats
54 creatures vanquished.

Vanquished Creatures (others)
  3 fungi (D:2)
  4 plants (D:2)
7 creatures vanquished.

Grand Total: 61 creatures vanquished

Notes
Turn   | Place    | Note
-------+----------+-------------------------------------------
     0 | D:1      | freelancePsychic the Demonspawn Fighter began the quest for
                  | the Orb.
     0 | D:1      | Reached XP level 1. HP: 18/18 MP: 1/1
   315 | D:1      | Gained mutation: You may rarely emit foul miasma when
                  | damaged in melee. [demonic ancestry]
   315 | D:1      | Reached XP level 2. HP: 13/24 MP: 2/2
   836 | D:1      | Gained mutation: You are partially covered in thin metallic
                  | scales. (AC +2) [demonic ancestry]
   836 | D:1      | Reached XP level 3. HP: 29/29 MP: 3/3
  1077 | D:2      | Found a faded altar of an unknown god.
  1528 | D:2      | Noticed Natasha
  1563 | D:1      | Killed Natasha
  1564 | D:1      | Reached XP level 4. HP: 15/35 MP: 4/4
  1875 | D:2      | Found a runed translucent door.
  1876 | D:2      | Noticed Crazy Yiuf
  2006 | D:2      | Killed Crazy Yiuf
  2340 | D:3      | Gained mutation: You are mostly covered in thin metallic
                  | scales. (AC +3) [demonic ancestry]
  2340 | D:3      | Reached XP level 5. HP: 26/42 MP: 5/5
  2357 | D:3      | Slain by a gnoll

Illustrated notes

Levels and vault maps discovered:
D:1:      minmay_arrival_checkered_box, layout_loops_ring, glass_columns_b,
          st_stairs_7
D:2:      layout_rooms, shapermc_ecumenical_altar_mp_urbaneastern,
          minmay_misc_feat_alley, minivault_5, uniq_crazy_yiuf_cottage,
          uniq_natasha
D:3:      layout_rooms, overflow_temple_1_default

Skill      XL: |  1  2  3  4 |
---------------+-------------+-----
Maces & Flails | 2 3 |  3.3
Shields        | 3 |  3.3
Armour         | 3 |  3.3
Fighting       | |  3.7

Action                   |  1- 3 |  4- 6 || total
-------------------------+-------+-------++-------
Melee: Flail             |   154 |    48 ||   202
Armor: Scale mail        |    74 |       ||    74
       Plate armour      |    42 |    41 ||    83
Dodge: Dodged            |    35 |     3 ||    38
Block: Kite shield       |    87 |    24 ||   111

Table legend: (Time is in decaauts)
 A = Elapsed time spent in this place.
 B = Non-inter-level travel time spent in this place.
 C = Inter-level travel time spent in this place.
 D = Time resting spent in this place.
 E = Time spent auto-exploring this place.
 F = Levels seen in this place.
 G = Mean time per level.
                   A        B        C        D        E       F      G
               +--------+--------+--------+--------+--------+-----+--------+
         Total |   2462 |   2364 |     98 |    485 |   1379 |   3 |  820.7 |
       Dungeon |   2462 |   2364 |     98 |    485 |   1379 |   3 |  820.7 |
               +--------+--------+--------+--------+--------+-----+--------+

Top non-repeatable levels by time:
     D:1: 1275 daAuts
     D:2: 1102 daAuts
     D:3: 84 daAuts
